1909 views
Uploaded 2023-03-09 00:45:42
Game version 1.35 (6115)
53:49 long 2on2 ladder game on (4)synergy s3
Saved by GIGA
1909 views
Uploaded 2023-03-09 00:45:42
Game version 1.35 (6115)
53:49 long 2on2 ladder game on (4)synergy s3


88 units @ 16.5k
/ 3.6k
93 buildings @ 11.5k
/ 5.2k



| Rod of Necromancy | 3 | 450 |
| Ritual Dagger | 1 | 125 |
| Potion of Mana | 1 | 200 |
| Potion of Healing | 7 | 1050 |
| Orb of Corruption | 1 | 375 |
| Scroll of Healing | 2 | 500 |
| Scroll of Town Portal | 6 | 2100 |
| total: | 21 | 4800g |
| Acolyte | 7 | 525 | / | 0 |
| Ghoul | 2 | 240 | / | 0 |
| Crypt Fiend | 11 | 2365 | / | 440 |
| Frost Wyrm | 17 | 6545 | / | 2040 |
| Goblin Shredder | 1 | 375 | / | 100 |
| total: | 38 | 10050g | / | 2580w |
| Nerubian Tower | 6 | 600 | / | 120 |
| Spirit Tower | 14 | 2030 | / | 560 |
| Graveyard | 1 | 215 | / | 0 |
| Crypt | 1 | 200 | / | 50 |
| Altar of Darkness | 2 | 360 | / | 100 |
| Ziggurat | 23 | 3450 | / | 1150 |
| Tomb of Relics | 6 | 780 | / | 180 |
| Necropolis | 2 | 450 | / | 0 |
| Boneyard | 3 | 525 | / | 600 |
| Halls of the Dead | 1 | 320 | / | 210 |
| Black Citadel | 1 | 325 | / | 230 |
| total: | 38 | 5980g | / | 2080w |
| 0:03 | Acolyte |
| 0:09 | Graveyard |
| 0:15 | Crypt |
| 0:17 | Acolyte |
| 0:41 | Altar of Darkness |
| 0:43 | Altar of Darkness |
| 0:57 | Ziggurat |
| 1:19 | Ghoul |
| 1:23 | Tomb of Relics |
| 1:48 | Crypt Fiend |
| 2:01 | Ziggurat |
| 2:21 | Crypt Fiend |
| 2:47 | Rod of Necromancy |
| 2:51 | Death Coil |
| 3:11 | Crypt Fiend |
| 4:02 | Unholy Aura |
| 4:06 | Ghoul |
| 4:25 | Halls of the Dead |
| 4:52 | Crypt Fiend |
| 4:52 | Crypt Fiend |
| 5:00 | Rod of Necromancy |
| 5:15 | Ziggurat |
| 5:41 | Ziggurat |
| 6:05 | Death Coil |
| 6:17 | Crypt Fiend |
| 6:17 | Crypt Fiend |
| 7:07 | Black Citadel |
| 7:17 | Unholy Aura |
| 7:35 | Ritual Dagger |
| 8:02 | Crypt Fiend |
| 8:10 | Frost Nova |
| 8:11 | Potion of Mana |
| 8:16 | Potion of Healing |
| 8:16 | Rod of Necromancy |
| 8:26 | Creature Attack |
| 8:27 | Web |
| 9:21 | Goblin Shredder |
| 9:35 | Boneyard |
| 9:38 | Boneyard |
| 10:08 | Dark Ritual |
| 10:40 | Boneyard |
| 11:18 | Ziggurat |
| 11:19 | Ziggurat |
| 11:38 | Scroll of Healing |
| 11:40 | Orb of Corruption |
| 11:48 | Acolyte |
| 11:53 | Freezing Breath |
| 12:13 | Frost Wyrm |
| 12:15 | Frost Wyrm |
| 12:25 | Frost Nova |
| 12:48 | Necropolis |
| 13:49 | Nerubian Tower |
| 13:58 | Death Coil |
| 15:05 | Scroll of Town Portal |
| 15:07 | Acolyte |
| 15:07 | Acolyte |
| 15:08 | Acolyte |
| 15:08 | Acolyte |
| 15:10 | Ziggurat |
| 15:12 | Ziggurat |
| 15:28 | Frost Wyrm |
| 15:42 | Creature Carapace |
| 16:39 | Frost Wyrm |
| 16:53 | Nerubian Tower |
| 16:55 | Frost Wyrm |
| 17:36 | Scroll of Town Portal |
| 17:36 | Potion of Healing |
| 18:14 | Nerubian Tower |
| 18:15 | Spirit Tower |
| 18:16 | Spirit Tower |
| 18:17 | Spirit Tower |
| 18:45 | Frost Wyrm |
| 19:01 | Spirit Tower |
| 19:11 | Tomb of Relics |
| 19:35 | Ziggurat |
| 19:36 | Ziggurat |
| 19:43 | Scroll of Town Portal |
| 20:27 | Frost Wyrm |
| 20:34 | Crypt Fiend |
| 20:59 | Nerubian Tower |
| 21:00 | Spirit Tower |
| 21:07 | Frost Wyrm |
| 21:50 | Crypt Fiend |
| 21:51 | Crypt Fiend |
| 22:03 | Ziggurat |
| 23:15 | Spirit Tower |
| 23:18 | Ziggurat |
| 24:00 | Ziggurat |
| 24:02 | Ziggurat |
| 24:47 | Spirit Tower |
| 25:07 | Improved Creature Carapace |
| 26:12 | Necropolis |
| 26:36 | Spirit Tower |
| 26:51 | Ziggurat |
| 26:52 | Ziggurat |
| 27:42 | Spirit Tower |
| 27:45 | Spirit Tower |
| 27:48 | Ziggurat |
| 27:49 | Ziggurat |
| 28:04 | Scroll of Town Portal |
| 28:19 | Tomb of Relics |
| 28:24 | Ziggurat |
| 28:25 | Ziggurat |
| 28:27 | Ziggurat |
| 28:33 | Dark Ritual |
| 28:45 | Spirit Tower |
| 28:47 | Nerubian Tower |
| 29:18 | Nerubian Tower |
| 29:19 | Spirit Tower |
| 29:29 | Scroll of Town Portal |
| 29:52 | Spirit Tower |
| 29:54 | Ziggurat |
| 29:56 | Ziggurat |
| 30:47 | Spirit Tower |
| 30:55 | Advanced Creature Carapace |
| 30:56 | Frost Wyrm |
| 32:19 | Tomb of Relics |
| 32:59 | Frost Wyrm |
| 33:31 | Frost Wyrm |
| 33:53 | Scroll of Town Portal |
| 35:34 | Silence |
| 40:08 | Frost Wyrm |
| 41:55 | Tomb of Relics |
| 43:09 | Scroll of Healing |
| 43:22 | Potion of Healing |
| 43:52 | Frost Wyrm |
| 44:40 | Animate Dead |
| 44:44 | Tomb of Relics |
| 44:57 | Frost Wyrm |
| 45:56 | Potion of Healing |
| 45:58 | Potion of Healing |
| 46:45 | Potion of Healing |
| 48:04 | Frost Wyrm |
| 48:08 | Potion of Healing |
| 48:22 | Improved Creature Attack |
| 49:22 | Frost Wyrm |
| 50:26 | Frost Wyrm |
| 50:57 | Advanced Creature Attack |
| 52:56 | Frost Nova |
| Right click | 2707 |
| Select group | 1246 |
| Select | 674 |
| Chat | 319 |
| Build/train/purchase | 179 |
| Use ability | 113 |
| Assign group | 87 |
| Item give/drop | 9 |
| Resource trade | 9 |
| Minimap ping | 2 |
eXpliCit
(53:13) : 


x2)
| Scroll of Regeneration | 1 | 100 |
| Lesser Clarity Potion | 1 | 70 |
| Orb of Fire | 1 | 325 |
| Staff of Sanctuary | 2 | 500 |
| Potion of Mana | 1 | 200 |
| Scroll of Town Portal | 1 | 350 |
| Scroll of Healing | 1 | 250 |
| Boots of Speed | 1 | 250 |
| Potion of Lesser Invulnerability | 1 | 150 |
| Tome of Retraining | 2 | 600 |
| total: | 12 | 2795g |
| Peasant | 18 | 1350 | / | 0 |
| Footman | 7 | 945 | / | 0 |
| Spell Breaker | 4 | 860 | / | 120 |
| Priest | 3 | 405 | / | 30 |
| Siege Engine | 6 | 1170 | / | 360 |
| Flying Machine | 8 | 800 | / | 240 |
| Mortar Team | 3 | 540 | / | 210 |
| Goblin Shredder | 1 | 375 | / | 100 |
| total: | 50 | 6445g | / | 1060w |
| Scout Tower | 24 | 720 | / | 480 |
| Arcane Tower | 2 | 140 | / | 100 |
| Guard Tower | 8 | 560 | / | 400 |
| Altar of Kings | 1 | 180 | / | 50 |
| Barracks | 1 | 160 | / | 60 |
| Farm | 13 | 1040 | / | 260 |
| Town Hall | 5 | 1925 | / | 1025 |
| Lumber Mill | 1 | 120 | / | 0 |
| Arcane Vault | 1 | 130 | / | 30 |
| Blacksmith | 1 | 140 | / | 60 |
| Arcane Sanctum | 3 | 450 | / | 420 |
| Workshop | 5 | 700 | / | 700 |
| Keep | 1 | 320 | / | 210 |
| Castle | 1 | 360 | / | 210 |
| total: | 55 | 5565g | / | 3085w |
| 0:02 | Peasant |
| 0:03 | Peasant |
| 0:06 | Altar of Kings |
| 0:19 | Barracks |
| 0:29 | Peasant |
| 0:34 | Farm |
| 0:43 | Peasant |
| 0:49 | Farm |
| 1:00 | Peasant |
| 1:16 | Peasant |
| 1:20 | Footman |
| 1:35 | Farm |
| 1:37 | Peasant |
| 1:44 | Footman |
| 1:54 | Peasant |
| 1:59 | Farm |
| 2:10 | Summon Water Elemental |
| 2:15 | Footman |
| 2:37 | Footman |
| 2:37 | Peasant |
| 2:56 | Footman |
| 2:56 | Peasant |
| 3:19 | Town Hall |
| 3:40 | Scout Tower |
| 3:41 | Peasant |
| 4:00 | Peasant |
| 4:06 | Footman |
| 4:08 | Brilliance Aura |
| 4:22 | Peasant |
| 4:25 | Arcane Tower |
| 4:35 | Farm |
| 4:42 | Footman |
| 4:53 | Lumber Mill |
| 4:55 | Peasant |
| 5:11 | Keep |
| 5:16 | Peasant |
| 5:26 | Arcane Vault |
| 5:38 | Scout Tower |
| 5:41 | Peasant |
| 5:55 | Boots of Speed |
| 6:03 | Improved Lumber Harvesting |
| 6:06 | Blacksmith |
| 6:07 | Arcane Tower |
| 6:29 | Scout Tower |
| 6:31 | Scout Tower |
| 6:58 | Guard Tower |
| 7:13 | Summon Water Elemental |
| 7:32 | Goblin Shredder |
| 7:37 | Castle |
| 7:51 | Scroll of Regeneration |
| 7:53 | Lesser Clarity Potion |
| 8:00 | Arcane Sanctum |
| 8:07 | Arcane Sanctum |
| 8:11 | Arcane Sanctum |
| 8:17 | Farm |
| 8:25 | Improved Masonry |
| 9:07 | Farm |
| 9:08 | Farm |
| 9:08 | Farm |
| 9:09 | Farm |
| 9:10 | Farm |
| 9:11 | Farm |
| 9:15 | Spell Breaker |
| 9:49 | Priest |
| 10:29 | Spell Breaker |
| 10:33 | Advanced Masonry |
| 11:11 | Storm Bolt |
| 11:13 | Spell Breaker |
| 11:36 | Brilliance Aura |
| 11:43 | Town Hall |
| 12:14 | Iron Forged Swords |
| 12:22 | Bash |
| 12:29 | Peasant |
| 12:38 | Priest |
| 12:39 | Priest Adept Training |
| 12:57 | Farm |
| 13:02 | Scout Tower |
| 13:03 | Scout Tower |
| 13:05 | Scout Tower |
| 13:06 | Scout Tower |
| 13:07 | Scout Tower |
| 13:08 | Scout Tower |
| 13:08 | Scout Tower |
| 13:09 | Scout Tower |
| 13:11 | Peasant |
| 13:15 | Imbued Masonry |
| 13:21 | Spell Breaker |
| 13:46 | Priest |
| 13:46 | Priest Master Training |
| 13:51 | Guard Tower |
| 15:07 | Workshop |
| 15:09 | Workshop |
| 15:13 | Workshop |
| 15:15 | Workshop |
| 15:33 | Storm Bolt |
| 15:45 | Workshop |
| 16:09 | Iron Plating |
| 16:23 | Siege Engine |
| 16:23 | Siege Engine |
| 16:42 | Town Hall |
| 16:51 | Siege Engine |
| 17:16 | Siege Engine |
| 17:23 | Barrage |
| 17:52 | Scout Tower |
| 17:53 | Scout Tower |
| 17:53 | Scout Tower |
| 17:54 | Scout Tower |
| 17:56 | Scout Tower |
| 18:09 | Steel Plating |
| 18:25 | Town Hall |
| 18:27 | Guard Tower |
| 18:47 | Guard Tower |
| 18:50 | Scout Tower |
| 18:51 | Scout Tower |
| 18:51 | Scout Tower |
| 18:52 | Scout Tower |
| 19:35 | Guard Tower |
| 21:24 | Town Hall |
| 21:25 | Guard Tower |
| 21:37 | Siege Engine |
| 21:50 | Orb of Fire |
| 21:50 | Staff of Sanctuary |
| 22:34 | Scout Tower |
| 22:35 | Scout Tower |
| 22:36 | Scout Tower |
| 23:01 | Guard Tower |
| 24:37 | Guard Tower |
| 24:52 | Flak Cannons |
| 25:06 | Scroll of Town Portal |
| 25:09 | Potion of Lesser Invulnerability |
| 25:24 | Scroll of Healing |
| 25:33 | Mithril Plating |
| 25:33 | Steel Forged Swords |
| 25:55 | Holy Light |
| 25:58 | Staff of Sanctuary |
| 26:03 | Tome of Retraining |
| 26:03 | Retrain Hero |
| 26:10 | Blizzard |
| 26:10 | Blizzard |
| 27:48 | Flying Machine |
| 27:48 | Flying Machine |
| 27:48 | Flying Machine |
| 27:48 | Flying Machine |
| 27:49 | Flying Machine |
| 27:49 | Flying Machine |
| 27:49 | Flying Machine |
| 27:49 | Flying Machine |
| 28:27 | Flying Machine Bombs |
| 29:53 | Mortar Team |
| 29:54 | Mortar Team |
| 30:55 | Fragmentation Shards |
| 30:55 | Flare |
| 31:09 | Mithril Forged Swords |
| 31:10 | Studded Leather Armor |
| 31:10 | Black Gunpowder |
| 34:57 | Mortar Team |
| 39:10 | Devotion Aura |
| 39:57 | Blizzard |
| 41:34 | Tome of Retraining |
| 41:34 | Retrain Hero |
| 41:37 | Blizzard |
| 41:37 | Blizzard |
| 41:38 | Brilliance Aura |
| 41:38 | Brilliance Aura |
| 41:38 | Brilliance Aura |
| 41:39 | Brilliance Aura |
| 42:33 | Siege Engine |
| 44:42 | Bash |
| 47:33 | Potion of Mana |
| Right click | 3619 |
| Select group | 2419 |
| Misc. action | 1112 |
| Select | 938 |
| Build/train/purchase | 161 |
| Assign group | 152 |
| Use ability | 126 |
| Esc | 27 |
| Minimap ping | 23 |
| Resource trade | 16 |
| Chat | 11 |
| Item give/drop | 10 |
80 units @ 8.6k
/ 1.7k
77 buildings @ 5.3k
/ 2.6k



| Mechanical Critter | 1 | 50 |
| Scroll of Regeneration | 1 | 100 |
| total: | 2 | 150g |
| Peasant | 12 | 900 | / | 0 |
| Footman | 5 | 675 | / | 0 |
| Mortar Team | 5 | 900 | / | 350 |
| Dragonhawk Rider | 3 | 600 | / | 90 |
| Flying Machine | 10 | 1000 | / | 300 |
| total: | 35 | 4075g | / | 740w |
| Scout Tower | 27 | 810 | / | 540 |
| Arcane Tower | 1 | 70 | / | 50 |
| Guard Tower | 9 | 630 | / | 450 |
| Altar of Kings | 1 | 180 | / | 50 |
| Farm | 7 | 560 | / | 140 |
| Barracks | 1 | 160 | / | 60 |
| Lumber Mill | 1 | 120 | / | 0 |
| Arcane Vault | 1 | 130 | / | 30 |
| Blacksmith | 1 | 140 | / | 60 |
| Workshop | 2 | 280 | / | 280 |
| Gryphon Aviary | 1 | 140 | / | 150 |
| Keep | 1 | 320 | / | 210 |
| Castle | 1 | 360 | / | 210 |
| total: | 42 | 2520g | / | 1310w |
| 0:02 | Peasant |
| 0:03 | Peasant |
| 0:09 | Altar of Kings |
| 0:13 | Farm |
| 0:14 | Farm |
| 0:38 | Barracks |
| 0:42 | Peasant |
| 0:42 | Peasant |
| 0:52 | Peasant |
| 1:01 | Peasant |
| 1:20 | Lumber Mill |
| 1:31 | Peasant |
| 1:45 | Footman |
| 1:52 | Farm |
| 2:02 | Peasant |
| 2:18 | Footman |
| 2:24 | Storm Bolt |
| 2:33 | Scout Tower |
| 2:34 | Peasant |
| 3:08 | Footman |
| 3:09 | Peasant |
| 3:10 | Peasant |
| 3:13 | Arcane Tower |
| 3:33 | Footman |
| 3:34 | Peasant |
| 4:29 | Keep |
| 4:33 | Scout Tower |
| 4:34 | Scout Tower |
| 4:34 | Scout Tower |
| 4:35 | Scout Tower |
| 4:36 | Scout Tower |
| 4:36 | Scout Tower |
| 5:00 | Bash |
| 5:12 | Guard Tower |
| 5:16 | Improved Masonry |
| 5:45 | Footman |
| 5:47 | Guard Tower |
| 5:53 | Arcane Vault |
| 6:41 | Guard Tower |
| 6:45 | Blacksmith |
| 6:48 | Scout Tower |
| 6:49 | Scout Tower |
| 6:54 | Mechanical Critter |
| 7:00 | Scroll of Regeneration |
| 7:54 | Farm |
| 8:02 | Storm Bolt |
| 8:04 | Storm Bolt |
| 9:13 | Guard Tower |
| 9:15 | Advanced Masonry |
| 9:32 | Scout Tower |
| 9:32 | Scout Tower |
| 9:33 | Scout Tower |
| 10:01 | Black Gunpowder |
| 10:04 | Workshop |
| 10:06 | Scout Tower |
| 10:07 | Scout Tower |
| 10:08 | Scout Tower |
| 10:12 | Farm |
| 10:40 | Holy Light |
| 12:25 | Guard Tower |
| 12:31 | Mortar Team |
| 12:32 | Flare |
| 15:16 | Scout Tower |
| 15:17 | Scout Tower |
| 15:17 | Scout Tower |
| 15:18 | Scout Tower |
| 15:18 | Scout Tower |
| 15:19 | Scout Tower |
| 15:20 | Scout Tower |
| 15:20 | Scout Tower |
| 15:21 | Scout Tower |
| 15:22 | Scout Tower |
| 16:17 | Guard Tower |
| 16:31 | Guard Tower |
| 16:36 | Scout Tower |
| 16:37 | Scout Tower |
| 16:46 | Divine Shield |
| 17:01 | Guard Tower |
| 17:49 | Refined Gunpowder |
| 17:50 | Mortar Team |
| 17:50 | Mortar Team |
| 21:58 | Castle |
| 22:00 | Guard Tower |
| 25:43 | Fragmentation Shards |
| 26:21 | Gryphon Aviary |
| 26:24 | Farm |
| 28:05 | Storm Bolt |
| 28:23 | Cloud |
| 28:24 | Dragonhawk Rider |
| 28:24 | Dragonhawk Rider |
| 28:24 | Dragonhawk Rider |
| 31:57 | Divine Shield |
| 34:42 | Divine Shield |
| 37:58 | Mortar Team |
| 37:58 | Mortar Team |
| 37:59 | Imbued Gunpowder |
| 40:00 | Flak Cannons |
| 40:01 | Flying Machine |
| 40:01 | Flying Machine |
| 40:01 | Flying Machine |
| 40:03 | Flying Machine |
| 40:03 | Flying Machine |
| 41:23 | Avatar |
| 41:53 | Flying Machine |
| 41:53 | Flying Machine |
| 41:53 | Flying Machine |
| 41:54 | Flying Machine Bombs |
| 41:59 | Workshop |
| 42:23 | Farm |
| 42:41 | Flying Machine |
| 42:41 | Flying Machine |
| 43:47 | Holy Light |
| 43:56 | Holy Light |
| 44:54 | Blizzard |
| 53:26 | Bash |
| 53:28 | Resurrection |
| Right click | 4816 |
| Select group | 2781 |
| Select | 605 |
| Build/train/purchase | 148 |
| Chat | 145 |
| Use ability | 64 |
| Assign group | 40 |
| Resource trade | 33 |
| Minimap ping | 21 |
| Misc. action | 19 |
| Item give/drop | 2 |
| Esc | 2 |
| Remove unit | 1 |
DudeWhy
(236)
(53:14) : 


| Scroll of Regeneration | 1 | 100 |
| Lesser Clarity Potion | 2 | 140 |
| total: | 3 | 240g |
| Peasant | 13 | 975 | / | 0 |
| Footman | 4 | 540 | / | 0 |
| Flying Machine | 26 | 2600 | / | 780 |
| Mortar Team | 2 | 360 | / | 140 |
| total: | 45 | 4475g | / | 920w |
| Scout Tower | 11 | 330 | / | 220 |
| Arcane Tower | 1 | 70 | / | 50 |
| Guard Tower | 6 | 420 | / | 300 |
| Altar of Kings | 1 | 180 | / | 50 |
| Farm | 15 | 1200 | / | 300 |
| Barracks | 1 | 160 | / | 60 |
| Lumber Mill | 1 | 120 | / | 0 |
| Arcane Vault | 1 | 130 | / | 30 |
| Blacksmith | 1 | 140 | / | 60 |
| Workshop | 3 | 420 | / | 420 |
| Gryphon Aviary | 1 | 140 | / | 150 |
| Keep | 1 | 320 | / | 210 |
| Castle | 1 | 360 | / | 210 |
| total: | 35 | 2820g | / | 1290w |
| 0:02 | Peasant |
| 0:02 | Peasant |
| 0:14 | Altar of Kings |
| 0:19 | Farm |
| 0:20 | Peasant |
| 0:33 | Barracks |
| 0:34 | Peasant |
| 0:39 | Peasant |
| 0:49 | Peasant |
| 0:57 | Farm |
| 1:07 | Peasant |
| 1:37 | Footman |
| 1:42 | Farm |
| 1:49 | Lumber Mill |
| 1:54 | Scout Tower |
| 1:58 | Footman |
| 2:26 | Arcane Tower |
| 2:29 | Peasant |
| 2:30 | Footman |
| 2:41 | Storm Bolt |
| 3:17 | Arcane Vault |
| 3:20 | Scout Tower |
| 4:02 | Keep |
| 4:08 | Scout Tower |
| 4:11 | Guard Tower |
| 5:01 | Guard Tower |
| 5:02 | Footman |
| 5:04 | Farm |
| 5:09 | Blacksmith |
| 5:12 | Improved Lumber Harvesting |
| 5:38 | Bash |
| 5:44 | Farm |
| 5:45 | Scout Tower |
| 5:45 | Scout Tower |
| 6:23 | Peasant |
| 6:23 | Peasant |
| 6:23 | Peasant |
| 6:34 | Guard Tower |
| 6:35 | Scout Tower |
| 6:41 | Iron Plating |
| 7:14 | Guard Tower |
| 7:31 | Castle |
| 7:41 | Scout Tower |
| 7:43 | Advanced Lumber Harvesting |
| 7:43 | Improved Masonry |
| 7:49 | Holy Light |
| 7:56 | Black Gunpowder |
| 7:59 | Workshop |
| 8:00 | Workshop |
| 8:02 | Workshop |
| 8:08 | Guard Tower |
| 9:00 | Refined Gunpowder |
| 9:02 | Flak Cannons |
| 9:31 | Flare |
| 9:48 | Farm |
| 9:55 | Flying Machine Bombs |
| 9:55 | Fragmentation Shards |
| 9:59 | Peasant |
| 9:59 | Peasant |
| 10:37 | Flying Machine |
| 10:37 | Flying Machine |
| 10:39 | Flying Machine |
| 11:11 | Advanced Masonry |
| 11:14 | Flying Machine |
| 11:18 | Imbued Gunpowder |
| 12:14 | Flying Machine |
| 12:17 | Farm |
| 12:20 | Farm |
| 12:23 | Farm |
| 12:34 | Imbued Masonry |
| 13:00 | Divine Shield |
| 14:26 | Flying Machine |
| 14:26 | Flying Machine |
| 14:26 | Flying Machine |
| 14:27 | Flying Machine |
| 14:27 | Flying Machine |
| 14:29 | Flying Machine |
| 15:23 | Flying Machine |
| 15:23 | Flying Machine |
| 15:23 | Flying Machine |
| 15:23 | Flying Machine |
| 15:23 | Flying Machine |
| 15:29 | Scout Tower |
| 15:31 | Scout Tower |
| 15:31 | Scout Tower |
| 15:31 | Scout Tower |
| 15:40 | Steel Plating |
| 15:54 | Flying Machine |
| 15:55 | Flying Machine |
| 17:04 | Flying Machine |
| 17:05 | Flying Machine |
| 17:06 | Guard Tower |
| 17:56 | Farm |
| 17:57 | Farm |
| 18:13 | Farm |
| 18:15 | Bash |
| 18:16 | Bash |
| 18:51 | Mortar Team |
| 20:41 | Holy Light |
| 21:08 | Holy Light |
| 21:42 | Scroll of Regeneration |
| 21:45 | Lesser Clarity Potion |
| 21:45 | Lesser Clarity Potion |
| 24:35 | Storm Bolt |
| 26:11 | Gryphon Aviary |
| 26:38 | Brilliance Aura |
| 37:04 | Mortar Team |
| 38:42 | Flying Machine |
| 38:42 | Flying Machine |
| 38:42 | Flying Machine |
| 38:42 | Flying Machine |
| 40:07 | Flying Machine |
| 40:07 | Flying Machine |
| 41:26 | Farm |
| 41:26 | Farm |
| 41:27 | Farm |
| 44:12 | Avatar |
| Right click | 2960 |
| Select group | 1136 |
| Select | 465 |
| Use ability | 171 |
| Build/train/purchase | 137 |
| Misc. action | 103 |
| Resource trade | 27 |
| Assign group | 21 |
| Chat | 16 |
| Esc | 15 |
| Minimap ping | 10 |
| Item give/drop | 3 |